 Dungeon Crawl Stone Soup version 0.29.1-1-gd02db6906a (webtiles) character file.

Game seed: 924159760640312774

27 Huetiris the Trooper (level 2, 0/25 HPs)
             Began as a Palentonga Fighter on Oct 5, 2022.
             Succumbed to an adder's poison
             ... on level 2 of the Dungeon.
             The game lasted 00:06:41 (705 turns).

Huetiris the Trooper (Palentonga Fighter)            Turns: 705, Time: 00:06:42

Health: 0/25       AC:  6    Str: 21    XL:     2   Next: 93%
Magic:  2/2        EV:  7    Int:  8    God:
Gold:   67         SH:  4    Dex:  9    Spells: 1/1 levels left

rFire   . . .      SeeInvis +   a - +0 war axe
rCold   . . .      Faith    .   c - +0 buckler
rNeg    . . .      Spirit   .   b - +0 scale mail
rPois   .          Reflect  .   (no helmet)
rElec   .          Harm     .   (no cloak)
rCorr   .          Rampage  .   (no gloves)
Will    .....                   (no barding)
Stlth   ..........              (no amulet)
HPRegen 0.08/turn               (no ring)
MPRegen 0.08/turn               (no ring)

@: mighty, lethally poisoned (0 -> -1)
A: large, rugged brown scales 3, see invisible, deformed body, roll 1, armoured
tail
a: Rolling Charge


You were on level 2 of the Dungeon.
You visited 1 branch of the dungeon, and saw 2 of its levels.

You collected 67 gold pieces.

Inventory:

Hand Weapons
 a - a +0 war axe (weapon)
Armour
 b - a +0 scale mail (worn)
 c - a +0 buckler (worn)
Scrolls
 h - a scroll of summoning {unknown}
Potions
 e - 2 potions of curing {unknown}
 f - a potion of mutation {unknown}
 g - a potion of flight {unknown}


   Skills:
 + Level 3.2 Fighting
 + Level 2.4 Axes
 + Level 2.7 Armour
 + Level 3.0 Shields


You had one spell level left.
You didn't know any spells.
Your spell library was empty.

Dungeon Overview and Level Annotations

Branches:
Dungeon (2/15)

Altars:


Innate Abilities, Weirdness & Mutations

You are completely covered in rugged brown scales. (AC +3, +7% HP)
You have supernaturally acute eyesight. (SInv)
Armour fits poorly on your strangely shaped body.
You can roll at nearby foes to attack.
You have a long armoured tail.


Message History

The adder hisses angrily.
The hobgoblin shouts!
You hear an angry hiss.
Found 19 gold pieces and a notched opal ring.
Found an escape hatch in the floor.
There is a stone staircase leading up here.
An adder comes into view.
Found a stone staircase leading up.
The adder hisses angrily.
You hear an angry hiss.
The adder bites you but does no damage. The adder bites you.
The hobgoblin hits you.
You barely miss the adder. You tail-slap the adder.
The adder is lightly wounded.
You closely miss the hobgoblin. The adder bites you.
A ball python comes into view.
The hobgoblin hits you but does no damage.
The quokka closely misses you. You block the adder's attack.
The adder bites you.
You are poisoned.
The adder poisons you!
You barely miss the adder.
The ball python hisses angrily.
Your tail-slap misses the adder.
The adder is lightly wounded.
You closely miss the quokka. You barely miss the adder.
You barely miss the hobgoblin.
You feel sick.
The quokka bites you but does no damage.
You block the hobgoblin's attack. The adder bites you.
A frilled lizard comes into view.
The adder bites you. The quokka bites you.
You barely miss the adder.
Your tail-slap misses the adder.
The adder is lightly wounded.
You miss the quokka. You closely miss the adder. You hit the hobgoblin.
You feel sick.
The adder bites you but does no damage. x2
The hobgoblin hits you.
* * * LOW HITPOINT WARNING * * *
The quokka bites you.
* * * LOW HITPOINT WARNING * * *
The adder bites you but does no damage. The hobgoblin hits you.
* * * LOW HITPOINT WARNING * * *
You feel very mighty all of a sudden.
You die...

#. .# . ###
#. ...###
#.#####......
#.$..<..#..<
#.....##..##
###........#
#S@r.....#
#gSS.....#
#l.......#
.=.....>.#
#..#####$..
##. ... ## ..


You could see 2 adders, a quokka, a hobgoblin, a ball python and a frilled
lizard.

Vanquished Creatures
  A dart slug (D:1)
  4 ball pythons (D:1)
  A bat (D:1)
  2 endoplasms (D:1)
  3 hobgoblins (D:1)
  4 jackals (D:1)
  3 frilled lizards (D:1)
  2 goblins (D:1)
  2 kobolds (D:1)
22 creatures vanquished.

Notes
Turn   | Place    | Note
-------+----------+-------------------------------------------
     0 | D:1      | Huetiris the Palentonga Fighter began the quest for the
                  | Orb.
     0 | D:1      | Reached XP level 1. HP: 19/19 MP: 1/1
    94 | D:1      | Reached XP level 2. HP: 17/25 MP: 2/2
   408 | D:1      | Found a faded altar of an unknown god.
   704 | D:2      | HP: 1/25 [hobgoblin (2)]
   705 | D:2      | Succumbed to an adder's poison

Illustrated notes

Levels and vault maps discovered:
D:1:      erik_arrival_triangle_small, layout_basic,
          hellmonk_ecumenical_altar_leap_of_faith, reono_crystal_passage
D:2:      layout_rooms, basic_altar, uniq_sigmund, uniq_robin,
          uniq_crazy_yiuf_cottage

Skill      XL: |  1  2 |
---------------+-------+-----
Shields        | 3 |  3.0
Fighting       | |  3.2
Axes           | |  2.4
Armour         | |  2.7

Action                   || total
-------------------------++-------
Melee: War axe           ||    58
       Tailslap          ||     5
  Use: Potion            ||     1
Armor: Scale mail        ||    45
Dodge: Dodged            ||    30
Block: Buckler           ||    11
